 Dungeon Crawl Stone Soup version 0.28.0-1-gb440e238dd (webtiles) character file.

Game seed: 13312287478544934068

968 RascalDebosk the Conjurer (level 7, -3/56 HPs)
             Began as a Purple Draconian Conjurer on Feb 20, 2022.
             Slain by a gargoyle (7 damage)
             ... on level 6 of the Dungeon.
             The game lasted 01:33:26 (5471 turns).

RascalDebosk the Conjurer (DrCj)                    Turns: 5471, Time: 01:33:27

Health: -3/56      AC:  8    Str: 11    XL:     7   Next: 93%
Magic:  11/13      EV: 16    Int: 26    God:
Gold:   692        SH:  0    Dex: 10    Spells: 0/15 levels left

rFire   + . .      SeeInvis .   e - +6 quarterstaff of Moroz {vorpal, Int+6}
rCold   . . .      Faith    .   (shield currently unavailable)
rNeg    . . .      Spirit   .   (armour unavailable)
rPois   .          Reflect  .   (helmet restricted)
rElec   .          Harm     .   (no cloak)
rCorr   +          Rampage  .   c - +1 pair of gloves
Will    +....      Clarity  +   (no boots)
Stlth   ++........              j - amulet of magic regeneration
HPRegen 0.18/turn               h - ring of False Pretenses {+Blink rF+ rCorr EV+4 Str+2}
MPRegen 0.53/turn               (no ring)

@: no status effects
A: breathe power, AC +6, unfitting armour, cold-blooded, clarity
a: Breathe Dispelling Energy, Evoke Blink


You were on level 6 of the Dungeon.
You visited 2 branches of the dungeon, and saw 7 of its levels.

You collected 2085 gold pieces.
You spent 1393 gold pieces at shops.

Inventory:

Hand Weapons
 e - the +6 quarterstaff of Moroz (weapon) {vorpal, Int+6}
   (You bought it in a shop on level 4 of the Dungeon)

   It inflicts extra damage upon your enemies.
   Int:       It affects your intelligence (+6).
 l - a +2 flail of protection
 o - the +5 long sword of Plague {vorpal, rCorr Str+4 SInv}
   (You found it on level 3 of the Dungeon)

   It inflicts extra damage upon your enemies.
   Str:       It affects your strength (+4).
   SInv:      It lets you see invisible.
   rCorr:     It protects you from acid and corrosion.
 s - a +1 short sword of venom
Armour
 c - a +1 pair of gloves (worn)
Magical Staves
 a - a staff of earth
Jewellery
 h - the ring of False Pretenses (left hand) {+Blink rF+ rCorr EV+4 Str+2}
   (You found it on level 6 of the Dungeon)

   [ring of evasion]

   EV:        It affects your evasion (+4).
   Str:       It affects your strength (+2).
   rF:        It protects you from fire.
   +Blink:    It lets you blink.
   rCorr:     It protects you from acid and corrosion.
 j - an amulet of magic regeneration (around neck)
Wands
 k - a wand of digging (7)
 p - a wand of polymorph (18)
 w - a wand of flame (17)
Scrolls
 n - a scroll of teleportation
 t - 3 scrolls of blinking
 v - 2 scrolls of immolation
 x - a scroll of magic mapping
 y - a scroll of enchant weapon
Potions
 b - a potion of invisibility {unknown}
 d - a potion of heal wounds
 f - a potion of brilliance
 g - 3 potions of curing
 i - 2 potions of ambrosia
 q - 2 potions of might
 r - a potion of haste {unknown}
 u - 2 potions of berserk rage {unknown}


   Skills:
 + Level 2.8 Fighting
 + Level 3.4 Dodging
 + Level 3.6 Stealth
 * Level 4.6 Spellcasting
 * Level 5.9 Conjurations
 * Level 4.3 Hexes
 * Level 1.0 Translocations
 * Level 0.5 Fire Magic
 + Level 0.0 Evocations


You couldn't memorise any spells.
You knew the following spells:

 Your Spells              Type           Power      Damage    Failure   Level
a - Magic Dart            Conj           100%       1d8       1%          1
b - Searing Ray           Conj           72%        2d7       1%          2
c - Dazzling Flash        Conj/Hex       64%        N/A       3%          3
d - Fulminant Prism       Conj/Hex       16%        3d11      10%         4
e - Iskenderun's Mystic   Conj/Tloc      24%        2d7       19%         4
f - Foxfire               Conj/Fire      88%        2x1d8     2%          1

Your spell library contained the following spells:

 Spells                   Type           Power      Damage    Failure   Level
 Shock                    Conj/Air       84%        1d8       2%          1
 Conjure Flame            Conj/Fire      22%        6-21      6%          3
 Inner Flame              Hex/Fire       18%        N/A       9%          3
 Corpse Rot               Necr/Air       10%        N/A       12%         2
 Poisonous Vapours        Pois/Air       10%        N/A       12%         2
 Flame Wave               Conj/Fire      22%        2d7       22%         4
 Swiftness                Air            5%         N/A       24%         3
 Airstrike                Air            2%         N/A       63%         4


Dungeon Overview and Level Annotations

Branches:
Dungeon (6/15)             Temple (1/1) D:4

Altars:
Ashenzari
Cheibriados
Dithmenos
Fedhas
Hepliaklqana
Kikubaaqudgha
Nemelex Xobeh
Okawaru
Qazlal
Ru
Sif Muna
Trog
Vehumet
Wu Jian
Yredelemnul
Zin
The Shining One
Jiyva

Shops:
D:2 ?(   D:4 (((*   D:5 ?:(:


Innate Abilities, Weirdness & Mutations

You can breathe bolts of dispelling energy.
Your rich purple scales are hard. (AC +6)
You cannot fit into any form of body armour.
You are cold-blooded and may be slowed by cold attacks.
You possess an exceptional clarity of mind.


Message History

The gargoyle hits you with a +0 mace!
You hit the gargoyle.
The gargoyle is heavily damaged.
The gargoyle completely misses you.
The gargoyle hurls a stone arrow at you.
The stone arrow misses you.
You hit the gargoyle but do no damage.
The gargoyle is heavily damaged.
The gargoyle misses you.
You hit the gargoyle but do no damage.
The gargoyle is heavily damaged.
The gargoyle completely misses you.
You hit the gargoyle but do no damage.
The gargoyle is heavily damaged.
The gargoyle hits you with a +0 mace.
The gargoyle hurls a stone arrow at you.
The stone arrow misses you.
You sock the gargoyle!
You tail-slap the gargoyle, but do no damage.
The gargoyle is almost destroyed.
The gargoyle hurls a stone arrow at you.
The stone arrow hits you!
You barely miss the gargoyle.
Your tail-slap misses the gargoyle.
The gargoyle is severely damaged.
The gargoyle hurls a stone arrow at you.
The stone arrow hits you!
Casting: Searing Ray (safe; 1% risk of failure)
Confirm with . or Enter, or press ? or * to list all spells.
Aiming: Searing Ray (safe; 1% risk of failure)
Press: ? - help, Shift-Dir - straight line, f/p - gargoyle
Aim: a gargoyle, wielding a +0 mace (severely damaged, 91% to hit)
The searing ray hits the gargoyle.
The gargoyle is almost destroyed. (Press . to maintain the ray.)
The gargoyle hits you with a +0 mace!
* * * LOW HITPOINT WARNING * * *
The searing ray hits the gargoyle but does no damage.
The gargoyle is almost destroyed.
The gargoyle hits you with a +0 mace!
You die...

#.# # #..# #.#
.# #..#
#.##.###..####
##........>...#
...#.####†##.#
#####.##.#
#.....
#........#
#..#.#
#.###.####
#..#.# #@# #.#
#..#.# #..9.#
#.#######..#.#
######
#.......#..#.#
#######.#..#.#
#.#..#.#
#......#
###.#### ###


You could see a gargoyle.

Vanquished Creatures
  Sigmund (D:3)
  2 ogres (D:4)
  An electric eel (D:6)
  4 howler monkeys
  A bullfrog zombie (D:4)
  An orc priest (D:3)
  A hound (D:3)
  A centaur skeleton (D:5)
  A bullfrog skeleton (D:5)
  Terence (D:2)
  Jessica (D:3)
  Ijyb (D:3)
  An iguana (D:5)
  An orc wizard (D:5)
  2 river rats (D:3)
  2 adders
  A white imp (D:5)
  4 worms
  2 dart slugs
  18 orcs
  13 ball pythons
  4 bats
  8 endoplasms
  4 giant cockroaches
  5 goblins
  7 hobgoblins
  6 jackals
  6 kobolds
  2 quokkas
  A frilled lizard (D:1)
  9 rats
112 creatures vanquished.

Notes
Turn   | Place    | Note
-------+----------+-------------------------------------------
     0 | D:1      | RascalDebosk the Draconian Conjurer began the quest for the
                  | Orb.
     0 | D:1      | Reached XP level 1. HP: 14/14 MP: 3/3
   183 | D:1      | Reached XP level 2. HP: 20/20 MP: 0/5
   202 | D:1      | Learned a level 2 spell: Searing Ray
  1052 | D:2      | Reached XP level 3. HP: 24/26 MP: 0/6
  1066 | D:2      | Found a faded altar of an unknown god.
  1068 | D:2      | Found Nuemoa's Magic Scroll Shoppe.
  1073 | D:2      | Bought a scroll of fear for 45 gold pieces
  1137 | D:2      | Noticed Terence
  1156 | D:2      | Killed Terence
  1235 | D:2      | Reached XP level 4. HP: 34/34 MP: 1/7
  1289 | D:2      | Found Kiviett's Antique Weapon Shop.
  1392 | D:2      | Identified the +2 leather armour "Retepam" {rC- Regen+
                  | Dex+8}
  1839 | D:2      | Reached skill level 1 in Hexes
  1849 | D:2      | Learned a level 3 spell: Dazzling Flash
  1937 | D:3      | Identified the +5 long sword of Plague {vorpal, rCorr Str+4
                  | SInv}
  2070 | D:3      | Reached skill level 1 in Fighting
  2087 | D:3      | Found an ornate altar of the Wu Jian Council.
  2147 | D:3      | Noticed Sigmund
  2159 | D:3      | Noticed Ijyb
  2173 | D:3      | Killed Ijyb
  2174 | D:3      | Reached XP level 5. HP: 40/40 MP: 3/9
  2179 | D:3      | Gained mutation: Your body sometimes deteriorates upon
                  | taking damage. [potion of mutation]
  2179 | D:3      | Gained mutation: You are strong-willed. (Will+) [potion of
                  | mutation]
  2189 | D:3      | Killed Sigmund
  2190 | D:3      | Reached skill level 5 in Conjurations
  2190 | D:3      | Reached XP level 6. HP: 9/48 MP: 5/10
  2195 | D:3      | Learned a level 4 spell: Fulminant Prism
  2564 | D:3      | Found an iron altar of Okawaru.
  3127 | D:3      | Noticed Jessica
  3129 | D:3      | Killed Jessica
  3224 | D:3      | Lost mutation: Your body sometimes deteriorates upon taking
                  | damage. [potion of mutation]
  3224 | D:3      | Lost mutation: You are strong-willed. (Will+) [potion of
                  | mutation]
  3224 | D:3      | Gained mutation: You possess an exceptional clarity of
                  | mind. [potion of mutation]
  3332 | D:4      | Found a staircase to the Ecumenical Temple.
  3344 | Temple   | Entered the Ecumenical Temple
  3726 | D:4      | Found a basalt altar of Yredelemnul.
  3841 | D:4      | Your scales start taking on a rich purple colour.
  3841 | D:4      | Reached XP level 7. HP: 55/55 MP: 10/12
  3877 | D:4      | Found Guzuaff's Assorted Antiques.
  3882 | D:4      | Found Meyv's Antique Weapon Emporium.
  3882 | D:4      | Found Qoikhu Cuki's Antique Weapon Emporium.
  3883 | D:4      | Found Peinn's Weapon Emporium.
  3945 | D:4      | Found a sacrificial altar of Ru.
  3945 | D:4      | Found a sparkling altar of Nemelex Xobeh.
  4164 | D:5      | Entered Level 5 of the Dungeon
  4165 | D:5      | Found a blossoming altar of Fedhas.
  4183 | D:5      | Found Mohaahoc's Book Shoppe.
  4214 | D:5      | Found Vunas's Book Emporium.
  4227 | D:5      | Found Ilawo's Antique Weapon Emporium.
  4528 | D:4      | Learned a level 4 spell: Iskenderun's Mystic Blast
  4731 | D:5      | Found Eleczuish's Magic Scroll Emporium.
  4761 | D:5      | Bought a scroll of magic mapping for 42 gold pieces
  4762 | D:5      | Identified a scroll of acquirement
  4762 | D:5      | Acquired 1026 gold pieces
  4764 | D:5      | Bought a scroll of acquirement for 624 gold pieces
  4863 | D:2      | Bought a scroll of enchant weapon for 97 gold pieces
  4865 | D:2      | Acquired 818 gold pieces
  4915 | D:4      | Bought a brightly glowing quarterstaff for 225 gold pieces
  4915 | D:4      | Identified the +6 quarterstaff of Moroz {vorpal, Int+6}
                  | (You bought it in a shop on level 4 of the Dungeon)
  4941 | D:5      | Bought a book of Flames for 360 gold pieces
  4943 | D:5      | Learned a level 1 spell: Foxfire
  5265 | D:6      | Identified the ring of False Pretenses {+Blink rF+ rCorr
                  | EV+4 Str+2}
  5429 | D:6      | Reached skill level 1 in Translocations
  5461 | D:6      | Noticed a gargoyle
  5471 | D:6      | Slain by a gargoyle

Illustrated notes

Levels and vault maps discovered:
D:1:      erik_arrival_cave_to_civilisation [erik_arrival_cave_to_hall],
          layout_rooms
D:2:      layout_basic, serial_shops, nicolae_shop_hallway_plus, shop,
          hellmonk_ecumenical_altar_zigzags, serial_rivers,
          chequers_serial_rivers_large_a, chequers_serial_rivers_micro_b,
          chequers_serial_rivers_micro_a, chequers_serial_rivers_micro_c,
          uniq_terence
D:3:      layout_loops_ring, okawaru_altar_gauntlet_db,
          nicolae_wu_jian_wuxing_cycle, portal_sewer_entry_e,
          nicolae_concentric_dashed_squares_mild, uniq_sigmund, uniq_ijyb,
          uniq_jessica
D:4:      layout_basic, mainiacjoe_overflow_alcove_2,
          mainiacjoe_overflow_divided_tiny,
          minmay_temple_entry_drinking_statues, minmay_statues_item,
          minmay_shop_grid_forest, grunt_ministairs_14
D:5:      layout_cave_pools, fedhas_altar_3, serial_shops, nicolae_diamond_shop,
          shop, shop, shop, abandoned_shop
D:6:      layout_basic, serial_bayou, serial_bayou_shore_a, serial_bayou_ford_a,
          serial_bayou_lagoon_a, serial_bayou_shore_b, nicolae_shop_gadgets,
          uniq_crazy_yiuf_cottage
Temple:   pf_slimified_temple

Skill      XL: |  1  2  3  4  5  6  7 |
---------------+----------------------+-----
Stealth        | 2 3 |  3.6
Dodging        | 2 3 |  3.4
Hexes          | 1 2 3 4 |  4.3
Fighting       | 1 2 |  2.8
Conjurations   | 5 |  5.9
Spellcasting   | 3 4 |  4.6
Translocations | 1 |  1.0
Fire Magic     | |  0.5

Action                   |  1- 3 |  4- 6 |  7- 9 || total
-------------------------+-------+-------+-------++-------
Melee: Staff             |    15 |       |       ||    15
       Punch             |     1 |       |       ||     1
       Flail             |       |     3 |       ||     3
       Long sword        |       |    19 |       ||    19
       Tailslap          |       |     1 |     1 ||     2
       Quarterstaff      |       |       |     6 ||     6
 Cast: Magic Dart        |    44 |    70 |    38 ||   152
       Searing Ray       |     6 |    30 |    31 ||    67
 Abil: Breathe Dispellin |       |       |     1 ||     1
  Use: Potion            |       |     4 |       ||     4
       Scroll            |       |     7 |     6 ||    13
Armor: Skin              |    19 |    22 |    14 ||    55
Dodge: Dodged            |    21 |    24 |    28 ||    73
